 Dungeon Crawl Stone Soup version 0.22-a0-271-gc000056 (webtiles) character file.

25 tidbits the Insei (level 3, -3/28 HPs)
             Began as a Gnoll Transmuter on Mar 12, 2018.
             Slain by a centaur (10 damage)
             ... on level 4 of the Dungeon.
             The game lasted 00:02:42 (310 turns).

tidbits the Insei (Gnoll Transmuter)                 Turns: 310, Time: 00:02:43

Health: -3/28      AC:  2    Str: 12    XL:     3   Next: 4%
Magic:  6/9        EV: 23    Int: 16    God:
Gold:   67         SH:  0    Dex: 20    Spells: 5/11 levels left

rFire    . . .     SeeInvis .     - Unarmed
rCold    . . .     Gourm    .   (shield currently unavailable)
rNeg     . . .     Faith    .   (armour currently unavailable)
rPois    x         Spirit   .   (helmet currently unavailable)
rElec    .         Reflect  .   (cloak currently unavailable)
rCorr    .         Harm     .   (gloves currently unavailable)
MR       .....                  (boots currently unavailable)
Stlth    ++........             (no amulet)
HPRegen  0.09/turn              (no ring)
MPRegen  0.11/turn              (no ring)

@: spider-form (expiring)
A: tiny, distributed training, strong nose
a: End Transformation


You were on level 4 of the Dungeon.
You were not hungry.
You were a venomous arachnid creature.
You visited 1 branch of the dungeon, and saw 4 of its levels.

You collected 67 gold pieces.

Inventory:

Missiles
 a - 12 arrows
 n - 2 stones
 p - 3 javelins of returning (quivered)
Armour
 b - a +0 robe (melded)
 i - a +0 ring mail
 o - a +0 ring mail
 E - a +0 helmet (melded)
Scrolls
 e - a scroll of enchant armour {unknown}
 g - a scroll of teleportation {unknown}
 h - a scroll of magic mapping {unknown}
 j - a scroll of noise {unknown}
 k - a scroll of immolation {unknown}
 l - a scroll of identify {unknown}
Potions
 c - a potion of berserk rage {unknown}
 f - a potion of mutation {unknown}
 m - a potion of degeneration {unknown}
Comestibles
 d - 4 rations


   Skills:
 + Level 2.5 Fighting
 + Level 0.5 Short Blades
 + Level 0.5 Long Blades
 + Level 0.5 Axes
 + Level 0.5 Maces & Flails
 + Level 0.5 Polearms
 + Level 0.5 Staves
 + Level 0.5 Slings
 + Level 0.5 Bows
 + Level 0.5 Crossbows
 + Level 0.5 Throwing
 + Level 0.5 Armour
 + Level 4.5 Dodging
 + Level 0.5 Stealth
 + Level 0.5 Shields
 + Level 6.5 Unarmed Combat
 + Level 4.9 Spellcasting
 + Level 0.4 Conjurations
 + Level 0.4 Hexes
 + Level 0.4 Charms
 + Level 0.4 Summonings
 + Level 0.4 Necromancy
 + Level 0.4 Translocations
 + Level 3.7 Transmutations
 + Level 0.4 Fire Magic
 + Level 0.4 Ice Magic
 + Level 0.4 Air Magic
 + Level 0.4 Earth Magic
 + Level 0.4 Poison Magic
 + Level 0.7 Invocations
 + Level 0.5 Evocations


You had 5 spell levels left.
You knew the following spells:

 Your Spells              Type           Power        Failure   Level  Hunger
e - Beastly Appendage     Tmut           ###...       11%         1    None
k - Sticks to Snakes      Tmut           ###.....     14%         2    ##.....
p - Spider Form           Tmut/Pois      ##........   38%         3    ###....


Dungeon Overview and Level Annotations

Branches:
Dungeon (4/15)
 Temple: D:4-7

Altars:


Innate Abilities, Weirdness & Mutations

Your experience applies equally to all skills.
((You have very sharp teeth.))
Your uncanny sense of smell can sniff out nearby items.


Message History

You kill the giant cockroach!
You see here a giant cockroach corpse.
Found 15 stones and a whip.
You see here 15 stones.
You see here a whip.
Your transformation is almost over.
Found two stone staircases leading down.
There is a stone staircase leading down here.
You climb downwards.
There is a stone staircase leading up here.
Unknown command.
You climb upwards.
Your talons disappear.
There is a stone staircase leading down here.
Unknown command.
A bat comes into view.
Found 3 javelins of returning.
Casting: Beastly Appendage (safe; 3% risk of failure)
Confirm with . or Enter, or press ? or * to list all spells.
Your feet morph into talons.
A kobold comes into view.
The kobold shouts!
You hit the bat but do no damage. Your kick misses the bat.
The bat hits you but does no damage.
You closely miss the bat.
You kill the bat!
You have reached level 3!
Your experience leads to an increase in your attributes!
Increase (S)trength, (I)ntelligence, or (D)exterity?
You feel clever.
The kobold throws a stone.
The stone barely misses you.
The kobold throws a stone.
The stone hits you.
You see here a stone.
The kobold completely misses you.
You closely miss the kobold. The kobold misses you.
You hit the kobold. Your kick misses the kobold.
The kobold is moderately wounded.
You hit the kobold but do no damage. Your kick misses the kobold.
The kobold is moderately wounded.
The kobold completely misses you.
You closely miss the kobold.
The kobold is moderately wounded.
The kobold closely misses you.
You hit the kobold but do no damage. Your kick misses the kobold.
The kobold is moderately wounded.
The kobold completely misses you.
You hit the kobold.
You kill the kobold!
Memorise Spider Form, consuming 3 spell levels and leaving 5?
You start memorising the spell.
You continue memorising.
Your transformation is almost over.
You continue memorising. x2
You finish memorising.
Spell assigned to 'p'.
Things that are here:
2 stones; a ring mail; a kobold corpse
n - 2 stones;
o - a ring mail
Found 11 poisoned needles.
There is a stone staircase leading down here.
Found a stone staircase leading up.
You see here 3 javelins of returning.
p - 3 javelins of returning Your talons disappear.
Unknown command.
Quiver which item? (- for none, * to show all) (? for menu, Esc to quit)
Quivering
p - 3 javelins of returning for throwing.
You see here 11 poisoned needles.
There is a stone staircase leading up here.
You climb upwards.
A bat comes into view.
The bat hits you.
There is a stone staircase leading down here.
You punch the bat!
You kill the bat!
There is a stone staircase leading down here.
You climb downwards.
There is a stone staircase leading up here.
Unknown command.
You see here 11 poisoned needles.
There is a stone staircase leading down here.
You climb downwards.
A centaur comes into view.
The centaur wields a shortbow.
The centaur shoots an arrow.
The arrow hits you!
The centaur shoots an arrow.
The arrow barely misses you.
Found an arrow and a chain mail.
There is a stone staircase leading up here.
You see here an arrow.
Casting: Beastly Appendage (safe; 3% risk of failure)
Confirm with . or Enter, or press ? or * to list all spells.
You turn into a venomous arachnid creature.
Your +0 helmet melds into your body.
Your +0 robe melds into your body.
The centaur shoots an arrow.
The arrow completely misses you.
Your transformation is almost over.
The centaur shoots an arrow.
The arrow hits you!
* * * LOW HITPOINT WARNING * * *
The centaur shoots an arrow.
The arrow barely misses you.
You see here an arrow.
The centaur unwields an uncursed shortbow.
The centaur closely misses you.
You hit the centaur but do no damage. The centaur hits you!
You die...

.#. ...
###.##
..[..(#
.......##
........##
.......<.#
.......(.#
........s#
........c#
∆
........##
........#
........#
.......##
....... ∆
.....#


You could see a centaur.

Vanquished Creatures
  A leopard gecko (D:1)
  3 giant cockroaches
  A goblin (D:1)
  4 hobgoblins
  5 jackals (D:1)
  2 kobolds
  3 bats
  A frilled lizard (D:2)
20 creatures vanquished.

Notes
Turn   | Place    | Note
-------+----------+-------------------------------------------
     0 | D:1      | tidbits the Gnoll Transmuter began the quest for the Orb.
     0 | D:1      | Reached XP level 1. HP: 17/17 MP: 6/6
   118 | D:1      | Reached XP level 2. HP: 22/23 MP: 7/7
   122 | D:1      | Learned a level 2 spell: Sticks to Snakes
   212 | D:2      | You fall through a shaft!
   267 | D:3      | Reached XP level 3. HP: 26/28 MP: 7/9
   280 | D:3      | Learned a level 3 spell: Spider Form
   306 | D:4      | Noticed a centaur
   310 | D:4      | Slain by a centaur

Vault maps used:
D:1:      lightli_molten_gateway
D:2:      minmay_misc_feat_hallway, uniq_natasha, uniq_sigmund
D:3:      overflow_temple_1_default, uniq_grinder
D:4:      wad_river_or_something, kennysheep_slug_shrine, first_ration,
          okawaru_metal_pillars_3, uniq_robin, uniq_menkaure, uniq_pikel,
          uniq_edmund

Action                   || total
-------------------------++-------
Melee: Unarmed           ||    50
       Kick              ||     5
       Punch             ||     2
       Bite              ||     2
 Cast: Beastly Appendage ||     8
       Spider Form       ||     1
Armor: Robe              ||     2
Dodge: Dodged            ||    26

Table legend:
 A = Spawn XP
 B = Non-spawn XP
 C = Spawn XP percentage of total XP
 D = Spawn monster count
 E = Non-spawn monster count
 F = Spawn count percentage of total count
 G = Total turns spent on level
                    A         B        C        D         E        F      G
               +---------+---------+-------+---------+---------+-------+---------
         Total |       0 |      36 |   0.0 |       0 |      20 |   0.0 |   310
               +---------+---------+-------+---------+---------+-------+---------
           D:1 |       0 |      24 |   0.0 |       0 |      12 |   0.0 |   184
           D:2 |       0 |       4 |   0.0 |       0 |       3 |   0.0 |    31
           D:3 |       0 |       8 |   0.0 |       0 |       5 |   0.0 |    89
               +---------+---------+-------+---------+---------+-------+---------

Table legend:
 A = Turns spent in this place as a percentage of turns spent in the entire game.
 B = Non-inter-level travel turns spent in this place as a percentage of non-inter-level travel turns spent in the entire game.
 C = Inter-level travel turns spent in this place as a percentage of turns spent in this place.
 D = Turns resting spent in this place as a percentage of non-inter-level travel turns spent in this place.
 E = Turns spent auto-exploring this place as a percentage of non-inter-level travel turns spent in this place.
 F = Non-inter-level travel turns spent in this place divided by the number of levels of this place that you've seen.
                   A       B       C       D       E      F
               +-------+-------+-------+-------+-------+----------------------
         Total | 100.0 | 100.0 |   0.0 |   0.0 |   0.0 |  77.5
       Dungeon | 100.0 | 100.0 |   0.0 |   0.0 |   0.0 |  77.5
               +-------+-------+-------+-------+-------+----------------------

Table legend:
 A = Kills in this place as a percentage of kills in entire the game.
 B = Kills by you in this place as a percentage of kills by you in the entire game.
 C = Kills by friends in this place as a percentage of kills by friends in the entire game.
 D = Other kills in this place as a percentage of other kills in the entire game.
 E = Experience gained in this place as a percentage of experience gained in the entire game.
 F = Experience gained in this place divided by the number of levels of this place that you have seen.
                   A       B       C       D       E      F
               +-------+-------+-------+-------+-------+----------------------
         Total | 100.0 | 100.0 |   N/A |   N/A | 100.0 |   9.0
       Dungeon | 100.0 | 100.0 |   N/A |   N/A | 100.0 |   9.0
               +-------+-------+-------+-------+-------+----------------------

Vault maps used:
D:1:      lightli_molten_gateway
D:2:      minmay_misc_feat_hallway, uniq_natasha, uniq_sigmund
D:3:      overflow_temple_1_default, uniq_grinder
D:4:      wad_river_or_something, kennysheep_slug_shrine, first_ration,
          okawaru_metal_pillars_3, uniq_robin, uniq_menkaure, uniq_pikel,
          uniq_edmund
